 Dungeon Sprint DCSS version 0.27-a0-1200-g94dc6ad4cf (webtiles) character file.

Game seed: 14322641729690776463

1100000 Zeld the Tainter (level 16, -8/109 HPs)
             Began as an Octopode Gladiator on June 1, 2021.
             Was a Believer of Makhleb.
             Mangled by a meat berserker
             ... wielding a +9 battleaxe
              (46 damage)
             ... in the Dungeon (Sprint VIII: "Arena of Blood").
             The game lasted 00:00:36 (11 turns).

Zeld the Tainter (Octopode Gladiator)                 Turns: 11, Time: 00:00:37

Health: -8/109     AC:  1    Str: 19    XL:     16   Next: 44%
Magic:  1/29       EV: 17    Int: 12    God:    Makhleb [**....]
Gold:   0          SH:  0    Dex: 13    Spells: 33/33 levels left

rFire    . . .     SeeInvis .   i - +∞ Axe of Woe
rCold    . . .     Faith    .   (shield currently unavailable)
rNeg     . . .     Spirit   .   a - +0 hat
rPois    .         Reflect  .   (no amulet)
rElec    .         Harm     .   (no ring)
rCorr    .         Rampage  .   (no ring)
Will     +....     NoTele   +   (no ring)
Stlth    ++........             (no ring)
HPRegen  0.28/turn              (no ring)
MPRegen  0.21/turn              (no ring)
                                (no ring)
                                (no ring)

@: no status effects
A: almost no armour, amphibious, 8 rings, camouflage 1, gelatinous body 1,
(nimble swimmer 1), tentacles
a: Renounce Religion, Minor Destruction


You were in the Dungeon.
You worshipped Makhleb.
Makhleb was pleased with you.
You visited 1 branch

Inventory:

Hand Weapons
 i - the +∞ Axe of Woe (weapon)
   (You found it in the Dungeon)
Missiles
 b - 3 throwing nets (quivered)
Armour
 a - a +0 hat (worn)
Scrolls
 h - a scroll of blinking
Potions
 c - a potion of curing
 d - a potion of heal wounds
 e - a potion of haste
 f - 2 potions of magic
 g - a potion of berserk rage


   Skills:
 + Level 10.0 Fighting
 + Level 9.9(11.7) Short Blades
 + Level 10.4(11.9) Long Blades
 + Level 10.0(12.9) Axes
 + Level 9.8(12.9) Maces & Flails
 + Level 10.0(13.0) Polearms
 + Level 10.1(13.0) Staves
 + Level 10.0(11.8) Slings
 + Level 10.6 Bows
 + Level 10.1 Crossbows
 + Level 10.4(12.0) Throwing
 + Level 10.5 Dodging
 + Level 10.2 Shields
 + Level 10.8 Unarmed Combat
 + Level 9.1 Spellcasting
 + Level 10.2 Conjurations
 + Level 9.8 Hexes
 + Level 9.9 Summonings
 + Level 10.0 Necromancy
 + Level 10.0 Translocations
 + Level 10.2 Transmutations
 + Level 10.2 Fire Magic
 + Level 10.0 Ice Magic
 + Level 10.0 Air Magic
 + Level 10.2 Earth Magic
 + Level 11.7 Poison Magic
 + Level 10.5 Invocations


You had 33 spell levels left.
You didn't know any spells.
Your spell library was empty.

Dungeon Overview and Level Annotations

Branches:
Dungeon (1/1)

Altars:
Makhleb


Innate Abilities, Weirdness & Mutations

You cannot wear most types of armour.
You are amphibious.
You can wear up to eight rings at the same time.
Your skin changes colour to match your surroundings (Stealth+).
Your rubbery body absorbs attacks. (AC +1, EV +1)
((You are camouflaged near water. (Stealth+)))
You have tentacles for arms and can constrict up to eight enemies at once.


Message History

You hear a shout! x3
Your Fighting skill gained 2 levels and is now at level 10!
Your base Short Blades skill gained 2 levels and is now at level 9!
Your base Long Blades skill gained 2 levels and is now at level 10!
Your base Axes skill gained 2 levels and is now at level 10!
Your base Maces & Flails skill increases to level 9!
Your base Polearms skill gained 2 levels and is now at level 10!
Your base Staves skill gained 2 levels and is now at level 10!
Your base Slings skill gained 2 levels and is now at level 10!
Your Bows skill gained 2 levels and is now at level 10!
Your Crossbows skill gained 2 levels and is now at level 10!
Your base Throwing skill gained 2 levels and is now at level 10!
Your Dodging skill gained 2 levels and is now at level 10!
Your Shields skill gained 2 levels and is now at level 10!
Your Unarmed Combat skill increases to level 10!
Your Spellcasting skill gained 2 levels and is now at level 9!
Your Conjurations skill gained 2 levels and is now at level 10!
Your Hexes skill gained 2 levels and is now at level 9!
Your Summonings skill increases to level 9!
Your Necromancy skill gained 2 levels and is now at level 10!
Your Translocations skill gained 2 levels and is now at level 10!
Your Transmutations skill gained 2 levels and is now at level 10!
Your Fire Magic skill gained 2 levels and is now at level 10!
Your Ice Magic skill gained 2 levels and is now at level 10!
Your Air Magic skill gained 2 levels and is now at level 10!
Your Earth Magic skill gained 2 levels and is now at level 10!
Your Poison Magic skill gained 2 levels and is now at level 11!
Your Invocations skill gained 2 levels and is now at level 10!
You have reached level 15!
Your experience leads to an increase in your attributes!
Increase (S)trength, (I)ntelligence, or (D)exterity?
You feel stronger.
You feel clever.
You have reached level 16!
Unknown command.
You slice the bag of meat!!
You fatally mangle the bag of meat.
You kill the bag of meat!
Makhleb accepts your kill.
You hear a shout! x7
The meat berserker hits you with a +9 battleaxe!!!
You die...

..... .. #...
.# o #... ..#
..###... ..###.
......###......
....._O..o..
#o.).o# #_)@._#
#.)O..#
....._......
......###o.....
..###... ..###.
. #... ..# #...
.# ..... ..


You could see 2 meat berserkers and 4 bags of meat.

Vanquished Creatures
  3 ogres (D)
  3 orcs (D)
6 creatures vanquished.

Notes
Turn   | Place    | Note
-------+----------+-------------------------------------------
     0 | D        | Found the +∞ Axe of Woe
     0 | D        | Zeld the Octopode Gladiator began the quest for the Orb.
     0 | D        | Reached XP level 1. HP: 14/14 MP: 1/1
     4 | D        | Noticed a meat berserker
     4 | D        | Became a worshipper of Makhleb the Destroyer
     5 | D        | Noticed a bag of meat
     5 | D        | Noticed a meat berserker
     5 | D        | Noticed a bag of meat
     5 | D        | Noticed a meat berserker
     5 | D        | Noticed a bag of meat
     6 | D        | Noticed a bag of meat
     6 | D        | Noticed a bag of meat
     8 | D        | Killed a meat berserker
     8 | D        | Noticed a meat berserker
     9 | D        | Reached skill level 5 in Spellcasting
     9 | D        | Reached skill level 8 in Poison Magic
     9 | D        | Reached XP level 2. HP: 26/26 MP: 1/8
     9 | D        | Reached XP level 3. HP: 31/31 MP: 1/10
     9 | D        | Reached XP level 4. HP: 36/36 MP: 1/11
     9 | D        | Reached XP level 5. HP: 42/42 MP: 1/13
     9 | D        | Reached XP level 6. HP: 47/47 MP: 1/14
     9 | D        | Reached XP level 7. HP: 53/53 MP: 1/15
     9 | D        | Reached XP level 8. HP: 58/58 MP: 1/16
     9 | D        | Reached XP level 9. HP: 63/63 MP: 1/17
     9 | D        | Reached XP level 10. HP: 69/69 MP: 1/18
     9 | D        | Reached XP level 11. HP: 74/74 MP: 1/19
     9 | D        | Reached XP level 12. HP: 80/80 MP: 1/20
     9 | D        | Reached XP level 13. HP: 85/85 MP: 1/21
     9 | D        | Killed a meat berserker
     9 | D        | Reached * piety under Makhleb
     9 | D        | Noticed a meat berserker
     9 | D        | Noticed a bag of meat
    10 | D        | Reached skill level 9 in Poison Magic
    10 | D        | Reached XP level 14. HP: 22/94 MP: 1/24
    10 | D        | Killed a bag of meat
    10 | D        | Killed a bag of meat
    10 | D        | Killed a meat berserker
    10 | D        | Reached ** piety under Makhleb
    10 | D        | Noticed a bag of meat
    11 | D        | Reached skill level 10 in Fighting
    11 | D        | Reached skill level 10 in Long Blades
    11 | D        | Reached skill level 10 in Axes
    11 | D        | Reached skill level 10 in Polearms
    11 | D        | Reached skill level 10 in Staves
    11 | D        | Reached skill level 10 in Slings
    11 | D        | Reached skill level 10 in Bows
    11 | D        | Reached skill level 10 in Crossbows
    11 | D        | Reached skill level 10 in Throwing
    11 | D        | Reached skill level 10 in Dodging
    11 | D        | Reached skill level 10 in Shields
    11 | D        | Reached skill level 10 in Unarmed Combat
    11 | D        | Reached skill level 10 in Conjurations
    11 | D        | Reached skill level 10 in Necromancy
    11 | D        | Reached skill level 10 in Translocations
    11 | D        | Reached skill level 10 in Transmutations
    11 | D        | Reached skill level 10 in Fire Magic
    11 | D        | Reached skill level 10 in Ice Magic
    11 | D        | Reached skill level 10 in Air Magic
    11 | D        | Reached skill level 10 in Earth Magic
    11 | D        | Reached skill level 11 in Poison Magic
    11 | D        | Reached skill level 10 in Invocations
    11 | D        | Reached XP level 15. HP: 35/103 MP: 1/28
    11 | D        | Reached XP level 16. HP: 38/109 MP: 1/29
    11 | D        | Mangled by a meat berserker

Illustrated notes

Levels and vault maps discovered:
D:        meatsprint

Skill      XL: |  1  2  3  4  5  6  7  8  9 10 11 12 13 14 |
---------------+-------------------------------------------+-----
Fighting       | 6 8 10 | 10.0
Short Blades   | 6 7 9 |  9.9
Long Blades    | 7 8 10 | 10.4
Axes           | 6 8 10 | 10.0
Maces & Flails | 6 8 9 |  9.8
Polearms       | 6 8 10 | 10.0
Staves         | 7 8 10 | 10.1
Slings         | 6 8 10 | 10.0
Bows           | 7 8 10 | 10.6
Crossbows      | 6 8 10 | 10.1
Throwing       | 7 8 10 | 10.4
Dodging        | 7 8 10 | 10.5
Shields        | 6 8 10 | 10.2
Unarmed Combat | 7 9 10 | 10.8
Spellcasting   | 5 7 9 |  9.1
Conjurations   | 7 8 10 | 10.2
Hexes          | 6 7 9 |  9.8
Summonings     | 6 8 9 |  9.9
Necromancy     | 6 8 10 | 10.0
Translocations | 6 8 10 | 10.0
Transmutations | 7 8 10 | 10.2
Fire Magic     | 7 8 10 | 10.2
Ice Magic      | 6 8 10 | 10.0
Air Magic      | 6 8 10 | 10.0
Earth Magic    | 7 8 10 | 10.2
Poison Magic   | 8 9 11 | 11.7
Invocations    | 7 8 10 | 10.5

Action                   |  1- 3 |  4- 6 |  7- 9 | 10-12 | 13-15 | 16-18 || total
-------------------------+-------+-------+-------+-------+-------+-------++-------
Melee: Executioner's axe |     1 |       |       |       |     2 |     1 ||     4

Table legend: (Time is in decaauts)
 A = Elapsed time spent in this place.
 B = Non-inter-level travel time spent in this place.
 C = Inter-level travel time spent in this place.
 D = Time resting spent in this place.
 E = Time spent auto-exploring this place.
 F = Levels seen in this place.
 G = Mean time per level.
                   A        B        C        D        E       F      G
               +--------+--------+--------+--------+--------+-----+--------+
         Total |     12 |     12 |      0 |      0 |      0 |   1 |   12.0 |
       Dungeon |     12 |     12 |      0 |      0 |      0 |   1 |   12.0 |
               +--------+--------+--------+--------+--------+-----+--------+

Top non-repeatable levels by time:
       D: 12 daAuts
